 Dungeon Crawl Stone Soup version 0.26-a0-228-g29f007ebfe (webtiles) character file.

Game seed: 13762277186158648563

409 Lugonue the Ducker (level 6, 0/51 HPs)
             Began as a Draconian Warper on July 7, 2020.
             Killed from afar by an orc wizard (8 damage)
             ... with a puff of flame
             ... on level 3 of the Dungeon.
             The game lasted 00:09:23 (4815 turns).

Lugonue the Ducker (Draconian Warper)               Turns: 4815, Time: 00:09:24

Health: 0/51       AC:  7    Str: 16    XL:     6   Next: 58%
Magic:  10/10      EV: 13    Int: 19    God:
Gold:   137        SH:  0    Dex: 10    Spells: 6/10 levels left

rFire    . . .     SeeInvis .   a - +0 falchion
rCold    . . .     Faith    .   (no shield)
rNeg     . . .     Spirit   .   (armour unavailable)
rPois    .         Reflect  .   (helmet restricted)
rElec    .         Harm     .   (no cloak)
rCorr    .                      n - +0 pair of gloves
MR       .....                  (no boots)
Stlth    ++........             p - amulet of magic regeneration
HPRegen  0.17/turn              q - +6 ring of intelligence
MPRegen  0.37/turn              (no ring)

@: very slightly contaminated
A: unfitting armour, cold-blooded, AC +6
a: no special abilities


You were on level 3 of the Dungeon.
You were not hungry.

You visited 1 branch of the dungeon, and saw 4 of its levels.

You collected 137 gold pieces.

Inventory:

Hand Weapons
 a - a +0 falchion (weapon)
Missiles
 b - 6 javelins
 e - 11 poisoned darts (quivered)
Armour
 n - a +0 pair of gloves (worn)
Jewellery
 g - an uncursed amulet of faith
 p - an amulet of magic regeneration (around neck)
 q - a +6 ring of intelligence (left hand)
Scrolls
 h - a scroll of teleportation
 j - 2 scrolls of noise {unknown}
 k - a scroll of remove curse
 m - 2 scrolls of identify
 o - a scroll of enchant weapon {unknown}


   Skills:
 + Level 3.0 Fighting
 + Level 3.6 Long Blades
 + Level 2.2 Throwing
 + Level 3.7 Dodging
 + Level 2.3 Stealth
 + Level 2.8 Spellcasting
 + Level 0.3 Charms
 + Level 3.2 Translocations


You had 6 spell levels left.
You knew the following spells:

 Your Spells              Type           Power        Failure   Level
a - Blink                 Tloc           N/A          6%          2
b - Shroud of Golubria    Chrm/Tloc      #.....       11%         2

Your spell library contained the following spells:

 Spells                   Type           Power        Failure   Level
 Apportation              Tloc           ###...       4%          1
 Gell's Gravitas          Tloc           ###.......   12%         3
 Lesser Beckoning         Tloc           ###.......   12%         3
 Teleport Other           Tloc           ###.....     12%         3
 Animate Skeleton         Necr           N/A          16%         1
 Corona                   Hex            #......      16%         1
 Summon Small Mammal      Summ           #...         16%         1
 Passage of Golubria      Tloc           N/A          38%         4


Dungeon Overview and Level Annotations

Branches:
Dungeon (4/15)
 Temple: D:4-7

Altars:
Nemelex Xobeh
Qazlal


Innate Abilities, Weirdness & Mutations

Your plain brown scales are hard. (AC +6)
You cannot fit into any form of body armour.
You are cold-blooded and may be slowed by cold attacks.


Message History

Something hits you but does no damage.
Casting: Shroud of Golubria (safe; 11% risk of failure)
Confirm with . or Enter, or press ? or * to list all spells.
You blink.
You aren't carrying any items that you can evoke.
Unknown command.
You aren't carrying any potions.
Unknown command.
Unknown command.
You aren't carrying any potions.
Unknown command.
Blink to where?
Press: ? - help, Dir - move target cursor You are very lightly contaminated with residual magic.
As you read the scroll of blinking, it crumbles to dust.
Your shroud begins to fray at the edges.
Your shroud unravels.
A puff of flame appears from out of thin air!
The puff of flame hits you!
You die...

..####### #.#####.#.########
..#☼°☼.○# #.......#.........
8.#§°☼☼§########.#####.##########
..#○☼§○○##................#
..#.§☼○☼##.#####)#####.##.#
..#°○§§.##..# #.#.....##.#######
..#########(## #.#.######........
_.......8##..# #.#.# #.#######
..########.#.###@#.######.##
..#..°§☼##.#..##.#.##......#
..#.°°§§##{##.##.#.##.####.#
..#○§☼☼§##.#...#.#.##.# #.#
8.#.○.§§##.#...#{#.##.# #.#
..#§.§○.##.#...#.#.##.# #.#
..########.#...#.#.##.####.#
''########.#.....#.##.#....#
..########.#.....#.##.##.###


There were no monsters in sight!

Vanquished Creatures
  Sigmund (D:2)
  A hound (D:4)
  An orc priest (D:3)
  Terence (D:2)
  5 adders
  An ooze (D:3)
  3 worms (D:2)
  2 dart slugs (D:2)
  4 leopard geckos
  17 orcs (D:3)
  3 giant cockroaches
  7 goblins
  13 hobgoblins
  6 jackals (D:3)
  A quokka (D:3)
  11 bats
  4 frilled lizards
  8 kobolds
  9 rats
98 creatures vanquished.

Notes
Turn   | Place    | Note
-------+----------+-------------------------------------------
     0 | D:1      | Lugonue the Draconian Warper began the quest for the Orb.
     0 | D:1      | Reached XP level 1. HP: 17/17 MP: 3/3
    59 | D:1      | Reached skill level 1 in Throwing
   406 | D:1      | Reached XP level 2. HP: 24/24 MP: 5/5
  1401 | D:2      | Reached XP level 3. HP: 30/30 MP: 6/6
  1432 | D:2      | Noticed Terence
  1432 | D:2      | Noticed Sigmund
  1495 | D:3      | HP: 1/30 [orc/+0 flail (2)]
  1843 | D:3      | Found a stormy altar of Qazlal.
  1948 | D:3      | Reached XP level 4. HP: 37/37 MP: 7/7
  2027 | D:3      | Learned a level 2 spell: Blink
  2030 | D:3      | Learned a level 2 spell: Shroud of Golubria
  2050 | D:3      | Found a sparkling altar of Nemelex Xobeh.
  2252 | D:3      | Reached skill level 1 in Stealth
  3351 | D:2      | Killed Sigmund
  3351 | D:2      | Reached XP level 5. HP: 17/45 MP: 7/9
  3679 | D:2      | Reached XP level 6. HP: 51/51 MP: 7/10
  3700 | D:2      | Killed Terence
  4431 | D:3      | HP: 1/76 [orc priest/divine providence (10)]
  4815 | D:3      | Killed from afar by an orc wizard

Illustrated notes

Levels and vault maps discovered:
D:1:      zelgadis_glass_arrival_small, layout_basic,
          hangedman_abyss_or_decor_stabs, columned_hall_lemuel,
          minmay_octomino_e4
D:2:      layout_loops_ring, uniq_terence, uniq_sigmund
D:3:      layout_basic, nemelex_altar_shiori, grunt_qazlal_clouds
D:4:      layout_rooms, tso_metal_star, first_ration,
          kennysheep_opposing_triangles

Skill      XL: |  1  2  3  4  5  6 |
---------------+-------------------+-----
Throwing       | 1 2 |  2.2
Dodging        | 3 |  3.7
Stealth        | 1 2 |  2.3
Long Blades    | 3 |  3.6
Fighting       | 3 |  3.0
Spellcasting   | |  2.8
Charms         | |  0.3
Translocations | |  3.2

Action                   |  1- 3 |  4- 6 || total
-------------------------+-------+-------++-------
Melee: Falchion          |   127 |   198 ||   325
       Tailslap          |    15 |    31 ||    46
Throw: Javelin           |     4 |     2 ||     6
       Dart              |       |    32 ||    32
       Boomerang         |       |     5 ||     5
 Cast: Blink             |       |    11 ||    11
       Shroud of Golubri |       |     9 ||     9
  Use: Potion            |     3 |     5 ||     8
       Scroll            |       |     6 ||     6
 Stab: Sleeping          |     2 |     5 ||     7
  Eat: Ration            |     1 |     3 ||     4
Armor: Skin              |    48 |    80 ||   128
Dodge: Dodged            |   102 |   150 ||   252
       Rpst.: Falchion   |    30 |    51 ||    81

Table legend:
 A = Non-vault XP
 B = Vault XP
 C = Vault XP percentage of total XP
 D = Non-vault monster count
 E = Vault monster count
 F = Vault count percentage of total count
                 A         B        C        D         E       F
            +---------+---------+-------+---------+---------+-------
      Total |     334 |     251 |  42.9 |      92 |       6 |   6.1
            +---------+---------+-------+---------+---------+-------
        D:1 |      33 |       7 |  17.5 |      22 |       4 |  15.4
        D:2 |      78 |     244 |  75.8 |      23 |       2 |   8.0
        D:3 |     181 |       0 |   0.0 |      46 |       0 |   0.0
        D:4 |      42 |       0 |   0.0 |       1 |       0 |   0.0
            +---------+---------+-------+---------+---------+-------
